 Dungeon Crawl Stone Soup version 0.19.4-8-ga85b6b9 (webtiles) character file.

466 Gargoyl the Skirmisher (level 7, -1/60 HPs)
             Began as a Ghoul Abyssal Knight on Feb 14, 2017.
             Was a Believer of Lugonu.
             Slain by an orc
             ... wielding a +1 mace of holy wrath
              (5 damage)
             ... on level 4 of the Dungeon.
             The game lasted 00:09:26 (3709 turns).

Gargoyl the Skirmisher (Ghoul Abyssal Knight)       Turns: 3709, Time: 00:09:26

Health: -1/60      AC: 11    Str: 16    XL:     7   Next: 8%
Magic:  5/8        EV: 10    Int:  7    God:    Lugonu [**....]
Gold:   294        SH:  0    Dex: 10    Spells: 0 memorised, 6 levels left

rFire  . . .     SeeInvis .     d - +0 executioner's axe
rCold  + . .     Gourm    .     e - +1 scale mail
rNeg   + + +     Faith    .     (shield currently unavailable)
rPois  ∞         Spirit   .     (no helmet)
rElec  .         Reflect  .     (no cloak)
rCorr  +         Harm     .     (no gloves)
MR     .....                    p - +2 pair of boots
Stlth  ..........               (no amulet)
                                (no ring)
                                b - ring of resist corrosion (curse)

@: rotting
A: rotting body, claws 1, carnivore 3, cold resistance 1, negative energy
resistance 3, slow regeneration 1, torment resistance, unbreathing
a: Depart the Abyss, Bend Space, Renounce Religion


You were on level 4 of the Dungeon.
You worshipped Lugonu.
Lugonu was pleased with you.
You were not hungry.

You visited 1 branch of the dungeon, and saw 5 of its levels.
You visited the Abyss 1 time.

You collected 294 gold pieces.

Inventory:

Hand Weapons
 a - a +1 hand axe
 d - a +0 executioner's axe (weapon)
Missiles
 o - 10 tomahawks (quivered)
Armour
 e - a +1 scale mail (worn)
 p - a +2 pair of boots (worn)
Jewellery
 b - a cursed ring of resist corrosion (left claw)
Wands
 f - a wand of acid (8/15)
 j - a wand of slowing (37/48)
Scrolls
 h - 2 scrolls of recharging
 n - 2 scrolls of remove curse
 q - 3 scrolls of identify
Potions
 g - a potion of resistance
 i - 2 potions of haste {unknown}
 k - a potion of brilliance
 r - a potion of invisibility {unknown}
Comestibles
 c - 3 meat rations
 l - 3 beef jerkies


   Skills:
 + Level 4.6 Fighting
 + Level 3.6 Axes
 * Level 4.1 Armour
 + Level 1.6 Dodging
 * Level 3.6 Invocations


You had 6 spell levels left.
You didn't know any spells.

Dungeon Overview and Level Annotations

Branches:
Dungeon (5/15)
 Temple: D:4-7

Altars:
Cheibriados
Okawaru
Zin

Shops:
D:4 (

Annotations:
D:4 morra's ghost, amateur SpEn
D:5 tryingrandom's ghost, novice MiBe


Innate Abilities, Weirdness & Mutations

Your body is rotting away.
You thrive on raw meat.
You are immune to poison.
You have sharp fingernails.
You are carnivorous and can eat meat at any time.
Your flesh is cold resistant. (rC+)
You are immune to negative energy. (rN+++)
You regenerate slowly when monsters are visible.
You are immune to unholy pain and torment.
You can survive without breathing.


Message History

You feel somewhat more hungry.
You can no longer banish your foes.
Tryingrandom's ghost hits you!
* * * LOW HITPOINT WARNING * * *
Okay, then.
Unknown command.
Okay, then.
There is a stone staircase leading up here.
Tryingrandom's ghost misses you.
You climb upwards.
Level annotation: morra's ghost, amateur SpEn The orc shouts!
The crimson imp shouts!
Morra's ghost closely misses you. The crimson imp barely misses you.
Morra's ghost hits you but does no damage.
There is a stone staircase leading down here.
The crimson imp hits you but does no damage.
The orc hits you with a mace of holy wrath.
* * * LOW HITPOINT WARNING * * *
You convulse.
You die...

#.##..# #.###.#
#.# #.# #.# #.#
#.###.#######.
#.............
#..##.#######.
#(5##.# ..#
#.@##.# ..#
##Wo##.# ####. ..#
#...##.##......
#.# #.........#
#.# #...#.#####
#.# ###.#.######
#.######..........
#...o5.....######.
#.##########


You could see morra's ghost, a crimson imp and an orc.

Vanquished Creatures
  An ice beast (D:5)
  A crimson imp (D:5)
  A centaur zombie (D:5)
  An orc priest (D:5)
  An orc wizard (D:3)
  2 worker ants
  2 hound skeletons (D:5)
  A gnoll (D:3)
  5 adders
  A shadow imp (D:5)
  An ooze (D:1)
  4 worms
  2 dart slugs (D:1)
  3 leopard geckos
  13 orcs
  6 bats
  5 giant cockroaches
  6 goblins
  4 hobgoblins
  6 jackals (D:2)
  7 kobolds
  3 quokkas
  A ball python (D:4)
  A frilled lizard (D:1)
  A leopard gecko skeleton (D:5)
  A leopard gecko zombie (D:5)
  8 rats
88 creatures vanquished.

Notes
Turn   | Place    | Note
-------+----------+-------------------------------------------
     0 | Abyss:1  | Gargoyl the Ghoul Abyssal Knight began the quest for the Orb.
     0 | Abyss:1  | Reached XP level 1. HP: 19/19 MP: 1/1
    10 | Abyss:1  | Found a corrupted altar of Lugonu.
    33 | Abyss:1  | Noticed a small abomination
    39 | Abyss:1  | Noticed a purple draconian zealot
    42 | Abyss:1  | Noticed a rakshasa
    46 | Abyss:2  | Found a corrupted altar of Lugonu.
    49 | Abyss:2  | Noticed a ynoxinul
    66 | D:1      | Escaped the Abyss
   404 | D:1      | Reached * piety under Lugonu
   479 | D:1      | Reached skill level 1 in Dodging
   479 | D:1      | Reached XP level 2. HP: 24/27 MP: 2/2
   830 | D:2      | Reached XP level 3. HP: 31/33 MP: 3/3
  1087 | D:2      | Found an iron altar of Okawaru.
  1326 | D:2      | Reached XP level 4. HP: 35/40 MP: 5/5
  1526 | D:2      | Found a glowing silver altar of Zin.
  1526 | D:2      | Found a snail-covered altar of Cheibriados.
  1837 | D:3      | Reached XP level 5. HP: 11/46 MP: 6/6
  2024 | D:3      | Reached ** piety under Lugonu
  2913 | D:4      | Found Roeghac's Antique Weapon Shop.
  2985 | D:4      | Noticed morra's ghost (amateur SpEn)
  3013 | D:5      | Entered Level 5 of the Dungeon
  3029 | D:5      | Noticed an ice beast
  3044 | D:5      | Reached XP level 6. HP: 20/52 MP: 7/7
  3060 | D:5      | Killed an ice beast
  3554 | D:5      | Reached XP level 7. HP: 51/60 MP: 8/8
  3623 | D:5      | Found a glowing drain.
  3626 | D:5      | Noticed tryingrandom's ghost (novice MiBe)
  3668 | D:5      | Reached *** piety under Lugonu
  3709 | D:4      | Slain by an orc

Skill      XL: |  1  2  3  4  5  6 |
---------------+-------------------+-----
Dodging        | 1 |  1.6
Axes           | 2 3 |  3.6
Armour         | 2 3 4 |  4.1
Fighting       | 4 |  4.6
Invocations    | 3 |  3.6

Action                   |  1- 3 |  4- 6 |  7- 9 || total
-------------------------+-------+-------+-------++-------
Melee: Hand axe          |   113 |   214 |       ||   327
       Executioner's axe |     7 |    59 |    63 ||   129
Invok: Depart the Abyss  |     1 |       |       ||     1
       Banish            |       |       |     1 ||     1
  Use: Scroll            |     6 |     9 |       ||    15
       Potion            |     4 |     1 |     1 ||     6
  Eat: Chunk             |    12 |    31 |     2 ||    45
Armor: Leather armour    |    10 |       |       ||    10
       Ring mail         |    47 |    27 |       ||    74
       Scale mail        |       |   177 |    52 ||   229
Dodge: Dodged            |    86 |   186 |    63 ||   335
